 Dungeon Crawl Stone Soup version 0.24-a0-520-g8fd06ad0bc (webtiles) character file.

Game seed: 16137083192295295242

256 Azzok the Digger (level 6, -1/41 HPs)
             Began as a Barachi Earth Elementalist on July 23, 2019.
             Slain by an orc priest
             ... wielding a +0 flail
              (9 damage)
             ... on level 4 of the Dungeon.
             The game lasted 00:04:02 (4108 turns).

Azzok the Digger (Barachi Earth Elementalist)       Turns: 4108, Time: 00:04:03

Health: -1/41      AC:  6    Str: 10    XL:     6   Next: 15%
Magic:  1/12       EV: 12    Int: 17    God:
Gold:   189        SH:  0    Dex: 12    Spells: 9/13 levels left

rFire    . . .     SeeInvis .   h - +0 whip (venom)
rCold    . . .     Gourm    .   (no shield)
rNeg     . . .     Faith    .   c - +0 robe
rPois    .         Spirit   .   v - +2 helmet
rElec    .         Reflect  .   k - +0 cloak
rCorr    .         Harm     .   (no gloves)
MR       .....                  (no boots)
Stlth    ++........             (no amulet)
HPRegen  0.13/turn              q - ring of wizardry
MPRegen  0.13/turn              (no ring)

@: slow
A: +LOS, swims, slowness 1, strong legs 1
a: Hop


You were on level 4 of the Dungeon.
You were not hungry.

You visited 1 branch of the dungeon, and saw 4 of its levels.

You collected 189 gold pieces.

Inventory:

Hand Weapons
 h - a +0 whip of venom (weapon)
Missiles
 b - 89 stones (quivered)
Armour
 c - a +0 robe (worn)
 k - a +0 cloak (worn)
 v - a +2 helmet (worn)
Jewellery
 q - a ring of wizardry (left hand)
Scrolls
 a - 2 scrolls of teleportation {unknown}
 e - 2 scrolls of enchant armour {unknown}
 f - 3 scrolls of remove curse {unknown}
 g - a scroll of fear {unknown}
 l - 8 scrolls of amnesia {unknown}
 o - a scroll of enchant weapon {unknown}
 p - 7 scrolls of identify {unknown}
 u - a scroll of fog {unknown}
 w - a scroll of blinking {unknown}
Potions
 i - 2 potions of brilliance {unknown}
 j - a potion of magic {unknown}
 m - a potion of resistance {unknown}
 n - a potion of heal wounds {unknown}
 r - 2 potions of berserk rage {unknown}
 s - 3 potions of flight {unknown}
 t - a potion of agility {unknown}
 x - a potion of haste {unknown}
 A - a potion of curing {unknown}
Comestibles
 d - 6 rations


   Skills:
 - Level 2.1 Dodging
 - Level 1.7 Stealth
 + Level 4.2 Spellcasting
 + Level 2.9 Conjurations
   Level 1.1 Transmutations
 + Level 4.7 Earth Magic


You had 9 spell levels left.
You knew the following spells:

 Your Spells              Type           Power        Failure   Level  Hunger
a - Sandblast             Erth           ###...       1%          1    None
b - Stone Arrow           Conj/Erth      ###...       4%          3    ###....

Your spell library contained the following spells:

 Spells                   Type           Power        Failure   Level  Hunger
 Passwall                 Tmut/Erth      ##......     2%          2    ##.....
 Petrify                  Tmut/Erth      ##......     19%         4    ####...
 Lee's Rapid Deconstruct  Erth           ###.......   24%         5    ######.


Dungeon Overview and Level Annotations

Branches:
Dungeon (4/15)
 Temple: D:4-7

Altars:
Ashenzari
Xom

Shops:
D:4 (


Innate Abilities, Weirdness & Mutations

Shadows flee at your approach. (+LOS)
You can swim through water.
You cover ground slowly.
You can hop short distances.


Message History

Aiming: Sandblast (safe; 1% risk of failure)
Press: ? - help, Shift-Dir - straight line, f/p - orc priest
Aim: an orc priest, wielding a +0 flail and wearing a +0 chain mail (severely wounded)
The blast of sand hits the orc priest but does no damage.
The orc priest is severely wounded.
b - 89 stones
* * * LOW MAGIC WARNING * * *
The orc priest hits you with a +0 flail.
* * * LOW HITPOINT WARNING * * *
Casting: Sandblast (safe; 1% risk of failure)
Confirm with . or Enter, or press ? or * to list all spells.
You don't have enough magic to cast that spell.
You barely miss the orc priest.
The orc priest is severely wounded.
The orc priest barely misses you.
You hit the orc priest but do no damage.
The orc priest is poisoned.
The orc priest is severely wounded.
The orc priest hits you with a +0 flail!
You die...

▒·· ▒·▒ ▒·▒ ▒·▒
▒o▒ ▒·▒ ▒o▒ ▒·▒
▒·▒ ▒▒·▒▒ ▒ ▒·▒
▒▒▒▒···▒▒·▒▒▒ ▒·▒
▒············
▒·▒▒▒·▒▒···▒▒·▒▒▒
▒)o@··▒▒▒·▒▒
▒▒▒▒▒▒▒ ▒·▒ ▒·▒
▒·▒ ▒ ▒·▒ ▒ ▒ ▒·▒
·▒▒▒ ▒ ▒·▒ ·▒·▒ ▒
▒▒▒▒▒▒·▒▒▒··▒·▒ ▒
▒··········▒ ▒·▒▒


You could see an orc priest.

Vanquished Creatures
  An ogre (D:4)
  2 orc wizards
  2 adders
  2 oozes (D:1)
  3 worms
  A dart slug (D:1)
  2 leopard geckos
  11 orcs
  3 giant cockroaches
  3 goblins
  7 hobgoblins
  A quokka (D:2)
  2 bats (D:2)
  2 frilled lizards
  4 kobolds
  9 rats
55 creatures vanquished.

Vanquished Creatures (others)
  2 worker ants (D:4)
  An orc (D:4)
  A jackal (D:4)
  A quokka (D:4)
5 creatures vanquished.

Grand Total: 60 creatures vanquished

Notes
Turn   | Place    | Note
-------+----------+-------------------------------------------
     0 | D:1      | Azzok the Barachi Earth Elementalist began the quest for
                  | the Orb.
     0 | D:1      | Reached XP level 1. HP: 13/13 MP: 3/3
   173 | D:1      | Reached XP level 2. HP: 19/19 MP: 1/5
  1008 | D:2      | Reached XP level 3. HP: 18/24 MP: 3/7
  1013 | D:2      | Learned a level 3 spell: Stone Arrow
  2597 | D:3      | Reached skill level 1 in Conjurations
  2597 | D:3      | Reached XP level 4. HP: 30/30 MP: 2/8
  2794 | D:3      | Found a shattered altar of Ashenzari.
  3734 | D:4      | Reached XP level 5. HP: 35/35 MP: 3/10
  3795 | D:4      | Found Oren's Weapon Boutique.
  3877 | D:4      | Noticed an ogre
  3878 | D:4      | Found a shimmering altar of Xom.
  3882 | D:4      | Killed an ogre
  3961 | D:4      | Reached XP level 6. HP: 40/41 MP: 2/12
  4108 | D:4      | Slain by an orc priest

Levels and vault maps discovered:
D:1:      onia_arrival_mini_maze, layout_basic, glass_columns_b
D:2:      layout_rooms, first_ration, minmay_stone_trees_small,
          kennysheep_doodads, hangedman_decor_push, minmay_goblin_kobold_house
D:3:      layout_basic, ashenzari_conservatory_becter
D:4:      layout_loops_ring, elyvilon_altar_4, xom_confusion_cloud,
          serial_shops, nicolae_shop_behind_doors

Skill      XL: |  1  2  3  4  5 |
---------------+----------------+-----
Spellcasting   | 3 4 |  4.2
Conjurations   | 1 2 |  2.9
Earth Magic    | 4 |  4.7
Dodging        | |  2.1
Stealth        | |  1.7
Transmutations | |  1.1

Action                   |  1- 3 |  4- 6 || total
-------------------------+-------+-------++-------
Melee: Unarmed           |     4 |       ||     4
       Whip              |    29 |     5 ||    34
 Cast: Sandblast         |    25 |    33 ||    58
       Stone Arrow       |    10 |    14 ||    24
 Stab: Sleeping          |     3 |       ||     3
  Eat: Chunk             |     3 |     4 ||     7
       Ration            |     1 |     1 ||     2
Armor: Robe              |    20 |     3 ||    23
Dodge: Dodged            |    39 |    10 ||    49

Table legend:
 A = Non-vault XP
 B = Vault XP
 C = Vault XP percentage of total XP
 D = Non-vault monster count
 E = Vault monster count
 F = Vault count percentage of total count
                 A         B        C        D         E       F
            +---------+---------+-------+---------+---------+-------
      Total |     295 |      71 |  19.4 |      46 |      10 |  17.9
            +---------+---------+-------+---------+---------+-------
        D:1 |      27 |       3 |  10.0 |      10 |       2 |  16.7
        D:2 |      33 |      12 |  26.7 |      13 |       6 |  31.6
        D:3 |      88 |       0 |   0.0 |      18 |       0 |   0.0
        D:4 |     147 |      56 |  27.6 |       5 |       2 |  28.6
            +---------+---------+-------+---------+---------+-------
